 Dungeon Crawl Stone Soup version 0.30.1-4-g462c640d31 (webtiles) character file.

Game seed: 86358160959433094

283 Almogavar the Slasher (level 6, -2/53 HPs)
             Began as a Minotaur Berserker on Aug 29, 2023.
             Was a Believer of Trog.
             Splashed by a jelly's acid (7 damage)
             ... on level 4 of the Dungeon.
             The game lasted 00:04:31 (2868 turns).

Almogavar the Slasher (Minotaur Berserker)          Turns: 2868, Time: 00:04:32

Health: -2/53      AC: -7    Str: 24    XL:     6   Next: 7%
Magic:  5/5        EV: 11    Int:  4    God:    Trog [**....]
Gold:   155        SH:  0    Dex: 15    Spells: 5/5 levels left

rFire   . . .        a - +0 falchion
rCold   . . .        (no shield)
rNeg    . . .        c - +0 scale mail
rPois   .            (helmet restricted)
rElec   .            (no cloak)
rCorr   .            (no gloves)
SInv    .            n - +0 pair of boots
Will    .....        (no amulet) Stlth
                     s - +6 ring of dexterity
HPRegen 0.28/turn    (no ring)
MPRegen 0.09/turn

%: no passive effects
@: corroded
A: horns 2, retaliatory headbutt
a: Renounce Religion, Berserk, Trog's Hand


You were on level 4 of the Dungeon.
You worshipped Trog.
Trog was pleased with you.
You visited 1 branch of the dungeon, and saw 4 of its levels.

You collected 155 gold pieces.

Inventory:

Hand Weapons
 a - a +0 falchion (weapon)
 b - a +1 sling
Missiles
 k - a throwing net (quivered)
Armour
 c - a +0 scale mail (worn)
 n - a +0 pair of boots (worn)
Jewellery
 s - a +6 ring of dexterity (left hand)
Scrolls
 e - 4 scrolls of enchant weapon
 f - 2 scrolls of teleportation {unknown}
 g - 2 scrolls of blinking {unknown}
 h - a scroll of summoning {unknown}
 i - a scroll of enchant armour {unknown}
 l - a scroll of identify {unknown}
 o - 2 scrolls of fog {unknown}
 r - a scroll of torment {unknown}
Potions
 d - 3 potions of curing {unknown}
 j - 2 potions of heal wounds {unknown}
 m - a potion of mutation {unknown}
 p - a potion of berserk rage {unknown}
 q - 2 potions of might {unknown}
 t - a potion of lignification {unknown}


   Skills:
 + Level 4.7 Fighting
 + Level 6.3 Long Blades
 + Level 4.2 Armour
 + Level 3.0 Dodging
 + Level 0.2 Stealth


You had 5 spell levels left.
You didn't know any spells.
Your spell library was empty.

Dungeon Overview and Level Annotations

Branches:
Dungeon (4/15)
 Temple: D:4-7

Altars:
Qazlal

Shops:
D:1 (


Innate Abilities, Weirdness & Mutations

You have a pair of horns on your head.
You reflexively headbutt those who attack you in melee.


Message History

What level of the Dungeon? (default 1, ? - help)
There is a stone staircase leading down here.
You climb downwards.
Found a scroll labelled ZIGOEG TAMA.
There is a stone staircase leading up here.
o - 2 scrolls labelled ZIGOEG TAMA (gained 1)
You feel yourself speed up.
t - a smoky sapphire potion
Found 3 stones.
You recover from your berserk rage.
You open the door.
There is an open door here.
A jelly comes into view.
The jelly quivers.
The jelly barely misses you. You furiously retaliate!
You headbutt the jelly! You hit the jelly. The acid corrodes you!
Your hands burn!
The jelly is almost dead.
The jelly hits you. The acid corrodes you!
You are splashed with acid!
You hit the jelly but do no damage. The acid corrodes you!
Your hands burn!
Your headbutt misses the jelly.
The jelly is almost dead.
The jelly hits you. The acid corrodes you!
You are splashed with acid.
You hit the jelly but do no damage. The acid corrodes you!
Your hands burn!
You headbutt the jelly, but do no damage.
The jelly is almost dead.
The jelly hits you.
You are splashed with acid!
* * * LOW HITPOINT WARNING * * *
You are too injured to fight recklessly!
You hit the jelly but do no damage.
Your hands burn!
* * * LOW HITPOINT WARNING * * *
You headbutt the jelly, but do no damage.
The jelly is almost dead.
The jelly completely misses you.
You hit the jelly but do no damage. The acid corrodes you!
Your hands burn!
* * * LOW HITPOINT WARNING * * *
The jelly is almost dead.
The jelly hits you.
* * * LOW HITPOINT WARNING * * *
You are splashed with acid!
You die...

##.#####
#......#
#......#
#......#
##'#####
#.# #.#
#.# #@#
#J# #.#
#.# ..#
..# ..#
#...


You could see a jelly.

Vanquished Creatures
  The ghost of BimBom the Firebug, an amateur DrFE (D:3)
  8 gnolls
  7 adders
  2 dart slugs
  An orc (D:3)
  4 bats (D:2)
  4 endoplasms
  4 giant cockroaches
  8 hobgoblins
  4 jackals
  2 quokkas
  A ball python (D:2)
  2 frilled lizards
  5 goblins
  7 kobolds
  3 rats (D:1)
63 creatures vanquished.

Notes
Turn   | Place    | Note
-------+----------+-------------------------------------------
     0 | D:1      | Almogavar the Minotaur Berserker began the quest for the
                  | Orb.
     0 | D:1      | Reached XP level 1. HP: 19/19 MP: 0/0
   110 | D:1      | Reached skill level 4 in Long Blades
   146 | D:1      | Reached XP level 2. HP: 25/27 MP: 1/1
   336 | D:1      | Found Qatonu's Weapon Shop.
   879 | D:2      | Reached XP level 3. HP: 27/33 MP: 2/2
  1084 | D:2      | Reached ** piety under Trog
  1322 | D:2      | Reached XP level 4. HP: 41/41 MP: 3/3
  1356 | D:2      | Reached skill level 5 in Long Blades
  1460 | D:2      | Found a stormy altar of Qazlal.
  1615 | D:2      | Found a faded altar of an unknown god.
  1920 | D:3      | Reached XP level 5. HP: 47/47 MP: 4/4
  2309 | D:3      | Found a runed translucent gate.
  2309 | D:3      | Found a runed translucent gate.
  2309 | D:3      | Found a runed translucent gate.
  2310 | D:3      | Noticed BimBom's ghost (amateur DrFE)
  2340 | D:3      | Reached skill level 6 in Long Blades
  2796 | D:3      | Killed BimBom's ghost
  2797 | D:3      | Reached XP level 6. HP: 53/53 MP: 5/5
  2868 | D:4      | Splashed by a jelly's acid

Illustrated notes

Levels and vault maps discovered:
D:1:      eino_arrival_water_star, layout_loops_ring, serial_shops, shop
D:2:      layout_loops_corners, shapermc_ecumenical_altar_rom_forum, basic_altar
D:3:      layout_basic, ebering_ghost_rock_garden
D:4:      layout_basic, marbit_many_paths, riverfiend_overflow_shadow_ancestor,
          minmay_temple_entry_drinking_statues, grunt_decor_mini_mirrors

Skill      XL: |  1  2  3  4  5 |
---------------+----------------+-----
Long Blades    | 4 5 6 |  6.3
Fighting       | 4 |  4.7
Armour         | 3 4 |  4.2
Dodging        | 3 |  3.0
Stealth        | |  0.2

Action                     |  1- 3 |  4- 6 || total
---------------------------+-------+-------++-------
  Melee: Falchion          |   102 |    96 ||   198
         Headbutt          |    11 |    12 ||    23
 Invoke: Berserk           |       |     2 ||     2
    Use: Scroll            |       |     1 ||     1
 Armour: Scale mail        |    54 |    33 ||    87
  Dodge: Dodged            |    48 |    54 ||   102
